[Event "Skalica SCHAEFFLER Open 2019"]
[Site "Skalica"]
[Date "2019.08.26"]
[Round "3.5"]
[White "Benci, Rudolf"]
[Black "Vach, Jozef"]
[Result "0-1"]
[ECO "D00"]
[WhiteElo "1635"]
[BlackElo "1722"]
[Annotator "NA"]
[PlyCount "85"]
[EventDate "2019.08.25"]
[EventType "swiss"]
[EventCountry "SVK"]
[SourceTitle "playchess.com"]
[Source "ChessBase"]
[SourceQuality "1"]
[TimeControl "40/5400+30:1800+30"]

1. d4 d5 2. Bf4 Nf6 3. e3 e6 4. c3 c6 5. Nd2 Be7 6. Bd3 Nbd7 7. Ngf3 Nh5 8. Ne5 Nxf4 9. exf4 Nf6 10. Qe2 Qb6 11. Nb3 Bd7 12. O-O a5 13. a4 Qxb3 14. Nxd7 Nxd7 15. f5 Nf8 16. fxe6 f6 17. c4 Qb4 18. cxd5 Qxd4 19. dxc6 bxc6 20. Rfd1 Qe5 21. Qf3 Rc8 22. Re1 Qc7 23. Rac1 Ng6 24. Rxc6 Qb7 25. Rxc8+ Qxc8 26. Bb5+ Kf8 27. Bd7 Qc7 28. g3 Bd6 29. Re2 Ke7 30. Qe4 Rb8 31. Rc2 Qb7 32. Bc6 Qb4 33. Qe2 Qb6 34. Bd5 Be5 35. b3 Rd8 36. Rc6 Qb8 37. Qc4 Bd6 38. Qe4 Qb4 39. Bc4 Be5 40. Ra6 Bb8 41. h4 Rd1+ 42. Kg2 Ne5 43. Bb5 0-1

[Event "Skalica SCHAEFFLER Open 2019"]
[Site "Skalica"]
[Date "2019.08.26"]
[Round "3.6"]
[White "Novomeska, Karin"]
[Black "Kanak, Matyas"]
[Result "1/2-1/2"]
[ECO "D55"]
[WhiteElo "1269"]
[BlackElo "1540"]
[Annotator "NA"]
[PlyCount "151"]
[EventDate "2019.08.25"]
[EventType "swiss"]
[EventCountry "SVK"]
[SourceTitle "playchess.com"]
[Source "ChessBase"]
[SourceQuality "1"]
[TimeControl "40/5400+30:1800+30"]

1. d4 d5 2. c4 c6 3. Nc3 e6 4. Nf3 Nf6 5. Bg5 Nbd7 6. e3 Be7 7. cxd5 exd5 8. Bd3 O-O 9. O-O Re8 10. Qc2 h6 11. Bxf6 Bxf6 12. Rac1 Nf8 13. h3 b6 14. Ne2 Bb7 15. Qd2 Rc8 16. b4 Nd7 17. Rb1 g5 18. g4 Bg7 19. Bf5 Rb8 20. Bxd7 Qxd7 21. Ng3 Qe6 22. Qd3 c5 23. bxc5 bxc5 24. Qf5 c4 25. Qxe6 fxe6 26. Ne2 Ba6 27. Nc3 Rb6 28. Na4 Rbb8 29. Nc3 Rec8 30. Rxb8 Rxb8 31. Rb1 Rxb1+ 32. Nxb1 Kf7 33. Nc3 Ke7 34. Kf1 Kd6 35. Ke2 e5 36. Kd2 e4 37. Ne1 Kc6 38. Nc2 Bf8 39. a3 Bb7 40. Na4 a5 41. Kc3 Kb5 42. Nb2 Bc6 43. Kd2 Be8 44. a4+ Ka6 45. Nd1 Bb4+ 46. Nc3 Bxc3+ 47. Kxc3 Bxa4 48. Ne1 Be8 49. Nc2 Kb5 50. Na3+ Ka4 51. Nc2 h5 52. Ne1 hxg4 53. hxg4 Bd7 54. f3 exf3 55. Nxf3 Bxg4 56. Nxg5 Bf5 57. Nf3 Kb5 58. Ne1 a4 59. Ng2 a3 60. Nf4 Be4 61. Ne2 a2 62. Kb2 Bb1 63. Nc3+ Kc6 64. Na4 Bc2 65. Nc3 Bb3 66. Ne2 Kd6 67. Nc3 Ke6 68. Ka1 Kf5 69. Nxd5 Ke4 70. Nc3+ Kd3 71. Nd5 c3 72. Nxc3 Kxc3 73. d5 Bxd5 74. e4 Be6 75. e5 Kd4 76. Kb2 1/2-1/2

[Event "Skalica SCHAEFFLER Open 2019"]
[Site "Skalica"]
[Date "2019.08.26"]
[Round "3.7"]
[White "Gres, Michal"]
[Black "Kozusnikova, Daniela"]
[Result "0-1"]
[ECO "C24"]
[WhiteElo "1410"]
[BlackElo "1235"]
[Annotator "NA"]
[PlyCount "82"]
[EventDate "2019.08.25"]
[EventType "swiss"]
[EventCountry "SVK"]
[SourceTitle "playchess.com"]
[Source "ChessBase"]
[SourceQuality "1"]
[TimeControl "40/5400+30:1800+30"]

1. e4 e5 2. Bc4 Nf6 3. d3 Nc6 4. Nf3 d5 5. exd5 Nxd5 6. O-O Bg4 7. h3 Bh5 8. Re1 Qd6 9. Bxd5 Qxd5 10. Nc3 Qd6 11. Qe2 Qe6 12. Qe4 O-O-O 13. Nxe5 f5 14. Qh4 g6 15. Bg5 Rd4 16. f4 Nxe5 17. Rxe5 Qxe5 18. fxe5 Rxh4 19. Bxh4 Bh6 20. Bf6 Re8 21. Nd5 f4 22. Rf1 g5 23. h4 gxh4 24. Nxf4 Bf7 25. d4 Bxa2 26. b3 Bb1 27. Rxb1 Bxf4 28. Kf2 Bg3+ 29. Kf3 Rg8 30. c4 h5 31. d5 Kd7 32. c5 Rg4 33. e6+ Ke8 34. Rf1 Rb4 35. d6 Rxb3+ 36. Ke2 cxd6 37. Rd1 Rb4 38. Ke3 Be5 39. Bg5 Rg4 40. Bh6 dxc5 41. Rd7 Rg6 0-1

[Event "Skalica SCHAEFFLER Open 2019"]
[Site "Skalica"]
[Date "2019.08.26"]
[Round "3.8"]
[White "Kadlcik, Marek"]
[Black "Visvader, Kristof"]
[Result "1/2-1/2"]
[ECO "D02"]
[WhiteElo "1259"]
[BlackElo "1389"]
[Annotator "NA"]
[PlyCount "111"]
[EventDate "2019.08.25"]
[EventType "swiss"]
[EventCountry "SVK"]
[SourceTitle "playchess.com"]
[Source "ChessBase"]
[SourceQuality "1"]
[TimeControl "40/5400+30:1800+30"]

1. Nf3 d5 2. d4 Nf6 3. Bf4 e6 4. e3 c6 5. Bd3 Bd6 6. Bxd6 Qxd6 7. O-O O-O 8. h3 Nbd7 9. Nbd2 e5 10. dxe5 Nxe5 11. Nxe5 Qxe5 12. c3 Bd7 13. Nf3 Qc7 14. Qc2 h6 15. Rad1 Rfe8 16. c4 dxc4 17. Bxc4 Be6 18. Bxe6 Rxe6 19. Rd3 Rd8 20. Rfd1 Red6 21. Rxd6 Rxd6 22. Nd4 Qd7 23. Rc1 Nd5 24. a3 Rg6 25. Qf5 Qxf5 26. Nxf5 Re6 27. Kf1 Ne7 28. Nd4 Rd6 29. Ke2 g6 30. f3 Nd5 31. g3 Kf8 32. Nb3 b6 33. Nd4 c5 34. Nb5 Rd7 35. e4 Ne7 36. Nc3 Ke8 37. Nb5 Kd8 38. Rc2 a6 39. Nc3 Kc7 40. Ke3 Kc6 41. Na2 b5 42. Nb4+ Kb6 43. Nd3 Rc7 44. Ne5 Nc6 45. Ng4 h5 46. Nf6 Ne7 47. Rd2 c4 48. Kd4 a5 49. Kc3 Kc6 50. g4 hxg4 51. hxg4 Nc8 52. f4 Nb6 53. e5 Na4+ 54. Kc2 b4 55. Rd6+ Kb5 56. axb4 1/2-1/2

[Event "Skalica SCHAEFFLER Open 2019"]
[Site "Skalica"]
[Date "2019.08.26"]
[Round "3.9"]
[White "Kozusnik, Roman"]
[Black "Drabek, Martin"]
[Result "1-0"]
[ECO "D11"]
[WhiteElo "1231"]
[BlackElo "1381"]
[Annotator "NA"]
[PlyCount "89"]
[EventDate "2019.08.25"]
[EventType "swiss"]
[EventCountry "SVK"]
[SourceTitle "playchess.com"]
[Source "ChessBase"]
[SourceQuality "1"]
[TimeControl "40/5400+30:1800+30"]

1. d4 d5 2. c4 Bf5 3. e3 e6 4. Nc3 c6 5. Nf3 Nd7 6. cxd5 exd5 7. Bd3 Bg4 8. h3 Bxf3 9. Qxf3 Qf6 10. Qxf6 Ngxf6 11. O-O Bb4 12. a3 Bxc3 13. bxc3 O-O 14. c4 c5 15. Bb2 Rac8 16. cxd5 Nxd5 17. Bf5 Rfd8 18. dxc5 Rxc5 19. Bd4 Ra5 20. Rfd1 Nxe3 21. Bxh7+ Kxh7 22. Bxe3 b6 23. Rd3 Re5 24. Rad1 Re7 25. Bf4 Re4 26. Bc7 Rc8 27. Rxd7 Rc4 28. Bg3 Ra4 29. R1d3 f6 30. R7d4 Rc1+ 31. Kh2 Rxd4 32. Rxd4 Rc3 33. Bd6 Kg6 34. g4 f5 35. Bb4 Rc2 36. Kg3 a5 37. Bd6 Rc3+ 38. f3 fxg4 39. hxg4 Kf7 40. Rf4+ Ke6 41. Bf8 g5 42. Rf5 Rc8 43. Bg7 Rc5 44. Rf6+ Kd7 45. Rxb6 1-0

[Event "Skalica SCHAEFFLER Open 2019"]
[Site "Skalica"]
[Date "2019.08.26"]
[Round "3.10"]
[White "Londin, Martin"]
[Black "Londinova, Jasmina Marie"]
[Result "1-0"]
[ECO "C50"]
[WhiteElo "1930"]
[BlackElo "1231"]
[Annotator "NA"]
[PlyCount "65"]
[EventDate "2019.08.25"]
[EventType "swiss"]
[EventCountry "SVK"]
[SourceTitle "playchess.com"]
[Source "ChessBase"]
[SourceQuality "1"]
[TimeControl "40/5400+30:1800+30"]

1. e4 e5 2. Nf3 Nc6 3. d4 exd4 4. Bc4 h6 5. O-O Bc5 6. c3 dxc3 7. Qd5 Qf6 8. Nxc3 Bd4 9. Nxd4 Nxd4 10. e5 Nf3+ 11. gxf3 Qg6+ 12. Kh1 Ne7 13. Qd1 Qf5 14. Qe2 a6 15. Bd3 Qe6 16. Rg1 g6 17. Bd2 b5 18. a3 Bb7 19. Rg3 Nf5 20. Bxf5 Qxf5 21. Re1 O-O-O 22. Ne4 d6 23. exd6 cxd6 24. Ba5 Rd7 25. Rc1+ Kb8 26. Nxd6 Qd5 27. Nxb7 Qxb7 28. Qe5+ Ka7 29. Qxh8 h5 30. Qe5 Ka8 31. Rc7 Rxc7 32. Qxc7 Qd5 33. Bb6 1-0

[Event "Skalica SCHAEFFLER Open 2019"]
[Site "Skalica"]
[Date "2019.08.27"]
[Round "4.1"]
[White "Londin, Martin"]
[Black "Kastler, Peter"]
[Result "1-0"]
[ECO "C01"]
[WhiteElo "1930"]
[BlackElo "1724"]
[Annotator "NA"]
[PlyCount "40"]
[EventDate "2019.08.25"]
[EventType "swiss"]
[EventCountry "SVK"]
[SourceTitle "playchess.com"]
[Source "ChessBase"]
[SourceQuality "1"]
[TimeControl "40/5400+30:1800+30"]

1. e4 e6 2. d4 d5 3. exd5 exd5 4. Nc3 Nf6 5. Bg5 Be7 6. Nf3 Bg4 7. Be2 O-O 8. O-O c6 9. h3 Bh5 10. Ne5 Bxe2 11. Qxe2 Nbd7 12. f4 Re8 13. Rae1 Nxe5 14. fxe5 Nd7 15. e6 Nf6 16. exf7+ Kxf7 17. Qe6+ Kf8 18. Na4 Qc8 19. Nc5 Bxc5 20. Rxf6+ gxf6 1-0

[Event "Skalica SCHAEFFLER Open 2019"]
[Site "Skalica"]
[Date "2019.08.27"]
[Round "4.2"]
[White "Romanova, Ela"]
[Black "Podskubka, Ondrej"]
[Result "1/2-1/2"]
[ECO "B31"]
[WhiteElo "1337"]
[BlackElo "1684"]
[Annotator "NA"]
[PlyCount "82"]
[EventDate "2019.08.25"]
[EventType "swiss"]
[EventCountry "SVK"]
[SourceTitle "playchess.com"]
[Source "ChessBase"]
[SourceQuality "1"]
[TimeControl "40/5400+30:1800+30"]

1. e4 c5 2. Nf3 Nc6 3. Bb5 g6 4. c3 Bg7 5. O-O Qb6 6. Ba4 Nf6 7. Qe2 O-O 8. Rd1 d6 9. h3 Bd7 10. Bc2 Rac8 11. d4 cxd4 12. Nxd4 Nxd4 13. Rxd4 Be6 14. Rd1 Rfd8 15. Nd2 d5 16. Bd3 dxe4 17. Nxe4 Nxe4 18. Bxe4 Rxd1+ 19. Qxd1 Rd8 20. Qe2 Qd6 21. Be3 b6 22. a3 f5 23. Bf3 Bb3 24. Bg5 Rd7 25. Qb5 Bc2 26. Qc4+ Kh8 27. g3 h6 28. Be3 Kh7 29. Qe2 Ba4 30. Qc4 b5 31. Qe2 e5 32. Kf1 e4 33. Bg2 Qd5 34. Ke1 Bb3 35. Qd2 Qc6 36. Bd4 Bxd4 37. cxd4 Rc7 38. Qb4 Qc4 39. Qxc4 Rxc4 40. Bf1 Rxd4 41. Bxb5 g5 1/2-1/2

[Event "Skalica SCHAEFFLER Open 2019"]
[Site "Skalica"]
[Date "2019.08.27"]
[Round "4.4"]
[White "Fizerova, Lucie"]
[Black "Kozusnik, Roman"]
[Result "1-0"]
[ECO "C42"]
[WhiteElo "1563"]
[BlackElo "1231"]
[Annotator "NA"]
[PlyCount "76"]
[EventDate "2019.08.25"]
[EventType "swiss"]
[EventCountry "SVK"]
[SourceTitle "playchess.com"]
[Source "ChessBase"]
[SourceQuality "1"]
[TimeControl "40/5400+30:1800+30"]

1. e4 e5 2. Nf3 Nf6 3. Nxe5 d6 4. Nf3 Nxe4 5. d4 Be7 6. Bd3 Nf6 7. O-O O-O 8. c4 Bg4 9. Nbd2 Nbd7 10. Qc2 c5 11. d5 Ne5 12. Nxe5 dxe5 13. b3 Bh5 14. Bb2 Bd6 15. Rae1 Qc7 16. h3 Bg6 17. Re3 Bxd3 18. Qxd3 Rae8 19. Rfe1 Re7 20. Qf5 Nd7 21. Ne4 f6 22. Rg3 g6 23. Qh5 Rg7 24. Qh6 Be7 25. h4 Rff7 26. Qd2 Bd6 27. Rge3 h6 28. Nxd6 Qxd6 29. f4 g5 30. hxg5 hxg5 31. fxe5 fxe5 32. Bxe5 Nxe5 33. Rxe5 Rf4 34. Re6 Qd7 35. Re8+ Kh7 36. Qd3+ Kh6 37. R1e6+ Kh5 38. Rh8+ Kg4 1-0

[Event "Skalica SCHAEFFLER Open 2019"]
[Site "Skalica"]
[Date "2019.08.27"]
[Round "4.5"]
[White "Hrubsa, Marian"]
[Black "Vach, Jozef"]
[Result "1-0"]
[ECO "C68"]
[WhiteElo "1888"]
[BlackElo "1722"]
[Annotator "NA"]
[PlyCount "69"]
[EventDate "2019.08.25"]
[EventType "swiss"]
[EventCountry "SVK"]
[SourceTitle "playchess.com"]
[Source "ChessBase"]
[SourceQuality "1"]
[TimeControl "40/5400+30:1800+30"]

1. e4 e5 2. Nf3 Nc6 3. Bb5 a6 4. Bxc6 dxc6 5. O-O Bg4 6. h3 Bxf3 7. Qxf3 Qf6 8. Qg3 g5 9. d4 Be7 10. dxe5 Qg6 11. Re1 h5 12. e6 Bd6 13. exf7+ Kxf7 14. Qxg5 Re8 15. Qxg6+ Kxg6 16. f4 Ne7 17. Be3 Kf7 18. Nd2 Ng6 19. e5 Be7 20. g3 Ke6 21. Nf3 Ref8 22. Rad1 h4 23. Nd4+ Kf7 24. g4 Rfg8 25. Nf3 Ke8 26. f5 Nf8 27. Rd3 Nh7 28. Red1 Nf8 29. f6 Bb4 30. Ng5 Rxg5 31. Bxg5 Kf7 32. Rd8 Rg8 33. Bf4 Rg6 34. Be3 Ke6 35. c3 1-0

[Event "Skalica SCHAEFFLER Open 2019"]
[Site "Skalica"]
[Date "2019.08.28"]
[Round "4.6"]
[White "Hrdlicka, Martin"]
[Black "Tutkova, Ludmila"]
[Result "0-1"]
[ECO "B00"]
[WhiteElo "1661"]
[BlackElo "1085"]
[Annotator "NA"]
[PlyCount "116"]
[EventDate "2019.08.25"]
[EventType "swiss"]
[EventCountry "SVK"]
[TimeControl "40/5400+30:1800+30"]

1. e4 b6 2. d4 Bb7 3. Nc3 Nf6 4. Bd3 e6 5. Qe2 d6 6. Nf3 Be7 7. O-O O-O 8. e5 dxe5 9. dxe5 Nfd7 10. Bf4 Nc5 11. Rad1 Qc8 12. Ne4 Nxd3 13. cxd3 f6 14. exf6 Bxf6 15. Nxf6+ Rxf6 16. Be5 Bxf3 17. gxf3 Rg6+ 18. Kh1 Nc6 19. Rg1 Rxg1+ 20. Rxg1 Nxe5 21. Qxe5 Qd7 22. Rg4 Rf8 23. Kg2 Qf7 24. Rg3 c5 25. d4 cxd4 26. Qxd4 Qf6 27. Qd7 a5 28. Qc6 e5 29. Qb7 e4 30. Qxe4 Qxb2 31. Rh3 h6 32. Qg6 Qf6 33. Qe4 Qf7 34. Rg3 Qxa2 35. Qg6 Qf7 36. Qxb6 Ra8 37. Qxh6 a4 38. Qc6 Ra7 39. Qc8+ Kh7 40. Rh3+ Kg6 41. Qg4+ Kf6 42. Qd4+ Kg6 43. Rh4 Ra5 44. Qe4+ Qf5 45. Qxf5+ Kxf5 46. Rh5+ g5 47. Kg3 Kg6 48. Kg4 a3 49. f4 a2 50. fxg5 a1=Q 51. Rh6+ Kf7 52. Rf6+ Kg7 53. h4 Ra4+ 54. Kg3 Qc3+ 55. f3 Qd4 56. f4 Ra3+ 57. Kg4 Qd7+ 58. f5 Ra4+ 0-1

[Event "Skalica SCHAEFFLER Open 2019"]
[Site "Skalica"]
[Date "2019.08.27"]
[Round "4.7"]
[White "Matusina, Miroslav"]
[Black "Novomeska, Karin"]
[Result "1/2-1/2"]
[ECO "A03"]
[WhiteElo "1644"]
[BlackElo "1269"]
[Annotator "NA"]
[PlyCount "48"]
[EventDate "2019.08.25"]
[EventType "swiss"]
[EventCountry "SVK"]
[SourceTitle "playchess.com"]
[Source "ChessBase"]
[SourceQuality "1"]
[TimeControl "40/5400+30:1800+30"]

1. f4 c6 2. Nf3 d5 3. e3 Nf6 4. b3 Bg4 5. Bb2 e6 6. Be2 Be7 7. O-O O-O 8. Ne5 Bxe2 9. Qxe2 Nbd7 10. Nf3 Qc7 11. Nc3 Rfe8 12. Nd1 Bd6 13. Nf2 e5 14. fxe5 Nxe5 15. Bxe5 Bxe5 16. Nxe5 Qxe5 17. Nd3 Qg5 18. Rf4 Re4 19. Raf1 Rxf4 20. Rxf4 Re8 21. g3 Re4 22. Nc5 Rxf4 23. exf4 Qf5 24. d3 b6 1/2-1/2

[Event "Skalica SCHAEFFLER Open 2019"]
[Site "Skalica"]
[Date "2019.08.27"]
[Round "4.8"]
[White "Durana, Jonas"]
[Black "Benci, Rudolf"]
[Result "0-1"]
[ECO "B50"]
[WhiteElo "1304"]
[BlackElo "1635"]
[Annotator "NA"]
[PlyCount "62"]
[EventDate "2019.08.25"]
[EventType "swiss"]
[EventCountry "SVK"]
[SourceTitle "playchess.com"]
[Source "ChessBase"]
[SourceQuality "1"]
[TimeControl "40/5400+30:1800+30"]

1. e4 c5 2. Nf3 d6 3. c4 e5 4. Nc3 Nf6 5. Be2 Nc6 6. O-O Be7 7. d3 O-O 8. h3 h6 9. Ne1 Nd4 10. Nc2 Ne8 11. f4 f5 12. fxe5 dxe5 13. exf5 Rxf5 14. Ne3 Rxf1+ 15. Qxf1 Be6 16. b3 Bg5 17. Rb1 Nf6 18. Qf2 Qd7 19. h4 Bxe3 20. Bxe3 Rf8 21. Rf1 Nxe2+ 22. Qxe2 b6 23. Rf2 Rd8 24. Bxh6 Ng4 25. Bg5 Nxf2 26. Bxd8 Ng4 27. Bg5 Qd4+ 28. Kh1 Qxc3 29. g3 Bf5 30. Qf3 Qxd3 31. Qa8+ Kh7 0-1

[Event "Skalica SCHAEFFLER Open 2019"]
[Site "Skalica"]
[Date "2019.08.27"]
[Round "4.9"]
[White "Kanak, Matyas"]
[Black "Kadlcik, Marek"]
[Result "1-0"]
[ECO "B54"]
[WhiteElo "1540"]
[BlackElo "1259"]
[Annotator "NA"]
[PlyCount "33"]
[EventDate "2019.08.25"]
[EventType "swiss"]
[EventCountry "SVK"]
[SourceTitle "playchess.com"]
[Source "ChessBase"]
[SourceQuality "1"]
[TimeControl "40/5400+30:1800+30"]

1. e4 c5 2. Nf3 d6 3. c4 Nc6 4. d4 cxd4 5. Nxd4 Bd7 6. Nc3 a6 7. Be3 Nf6 8. Be2 Qc7 9. O-O e5 10. Nb3 Be7 11. f4 O-O 12. Rc1 Rac8 13. Nd5 Qb8 14. Nxe7+ Nxe7 15. fxe5 Nxe4 16. Bf3 Nc5 17. Nxc5 1-0

[Event "Skalica SCHAEFFLER Open 2019"]
[Site "Skalica"]
[Date "2019.08.27"]
[Round "4.10"]
[White "Polozov Yaroslavl"]
[Black "Delgerdalai, Bayarjavkhlan"]
[Result "1/2-1/2"]
[ECO "D36"]
[WhiteElo "1000"]
[BlackElo "1460"]
[Annotator "NA"]
[PlyCount "64"]
[EventDate "2019.08.25"]
[EventType "swiss"]
[EventCountry "SVK"]
[SourceTitle "playchess.com"]
[Source "ChessBase"]
[SourceQuality "1"]
[TimeControl "40/5400+30:1800+30"]

1. d4 d5 2. c4 e6 3. Nc3 Nf6 4. Bg5 Nbd7 5. Nf3 c6 6. e3 h6 7. Bf4 Be7 8. cxd5 exd5 9. Bd3 O-O 10. O-O Re8 11. Qc2 b6 12. Rfe1 Bb7 13. Rac1 Rc8 14. Qa4 a5 15. h3 c5 16. Bb5 Rf8 17. a3 Nb8 18. Ne5 Bd6 19. Bh2 Bxe5 20. Bxe5 Nbd7 21. Bxd7 Nxd7 22. Bd6 Re8 23. Qd1 Nf8 24. Bg3 Ne6 25. Nb5 Re7 26. Nd6 Rc6 27. Nf5 Rd7 28. Qg4 Qg5 29. Qf3 Qd8 30. Bh4 Qf8 31. Qg4 Kh7 32. Ng3 Rdd6 1/2-1/2

[Event "Skalica SCHAEFFLER Open 2019"]
[Site "Skalica"]
[Date "2019.08.28"]
[Round "5.1"]
[White "Tutkova, Ludmila"]
[Black "Fizerova, Lucie"]
[Result "0-1"]
[ECO "C42"]
[WhiteElo "1085"]
[BlackElo "1563"]
[Annotator "NA"]
[PlyCount "70"]
[EventDate "2019.08.25"]
[EventType "swiss"]
[EventCountry "SVK"]
[SourceTitle "playchess.com"]
[Source "ChessBase"]
[SourceQuality "1"]
[TimeControl "40/5400+30:1800+30"]

1. e4 e5 2. Nf3 Nf6 3. Nc3 Bb4 4. d3 Nc6 5. Be2 O-O 6. O-O Bxc3 7. bxc3 d5 8. Bg5 dxe4 9. Bxf6 Qxf6 10. dxe4 Rd8 11. Qc1 Bg4 12. Re1 Rd6 13. Rb1 b6 14. h3 Bh5 15. Qg5 Qxg5 16. Nxg5 Bxe2 17. Rxe2 Rad8 18. Ree1 Rd2 19. Rbc1 R2d6 20. Kh2 Na5 21. Rf1 f6 22. Nf3 Rc6 23. Rcd1 Rcd6 24. Rxd6 Rxd6 25. Re1 Nc4 26. Kg3 Kf7 27. Re2 Ke7 28. Nh4 g6 29. f4 exf4+ 30. Kxf4 g5+ 31. Kg4 gxh4 32. Kxh4 Rd2 33. Rxd2 Nxd2 34. Kh5 Kf7 35. Kh6 Kg8 0-1

[Event "Skalica SCHAEFFLER Open 2019"]
[Site "Skalica"]
[Date "2019.08.28"]
[Round "5.2"]
[White "Krupnova, Anna"]
[Black "Romanova, Ela"]
[Result "1-0"]
[ECO "B21"]
[WhiteElo "1712"]
[BlackElo "1337"]
[Annotator "NA"]
[PlyCount "63"]
[EventDate "2019.08.25"]
[EventType "swiss"]
[EventCountry "SVK"]
[SourceTitle "playchess.com"]
[Source "ChessBase"]
[SourceQuality "1"]
[TimeControl "40/5400+30:1800+30"]

1. e4 c5 2. d4 cxd4 3. c3 dxc3 4. Nxc3 Nc6 5. Nf3 d6 6. Bc4 Nf6 7. e5 d5 8. Bb5 Ne4 9. Nxe4 dxe4 10. Qxd8+ Kxd8 11. Ng5 Ke8 12. Nxe4 Bd7 13. e6 Bxe6 14. Bf4 Bd5 15. Nc5 a6 16. Bxc6+ Bxc6 17. O-O e5 18. Be3 Rd8 19. Nb3 f6 20. Na5 Bd5 21. Bb6 Rd7 22. Rac1 Be7 23. Rc8+ Bd8 24. Bxd8 Rxd8 25. Rxd8+ Kxd8 26. Rd1 Kc7 27. Rxd5 b6 28. Nc4 Rc8 29. Kf1 Kc6 30. Rd6+ Kc5 31. Rd1 Kc6 32. Rc1 1-0

[Event "Skalica SCHAEFFLER Open 2019"]
[Site "Skalica"]
[Date "2019.08.28"]
[Round "5.3"]
[White "Benci, Rudolf"]
[Black "Vlcek, Antonin"]
[Result "0-1"]
[ECO "A47"]
[WhiteElo "1635"]
[BlackElo "1686"]
[Annotator "NA"]
[PlyCount "35"]
[EventDate "2019.08.25"]
[EventType "swiss"]
[EventCountry "SVK"]
[SourceTitle "playchess.com"]
[Source "ChessBase"]
[SourceQuality "1"]
[TimeControl "40/5400+30:1800+30"]

1. d4 Nf6 2. Bf4 e6 3. e3 b6 4. c3 Bb7 5. Nd2 c5 6. Ngf3 Nc6 7. Bd3 Nh5 8. Bg5 f6 9. Bh4 g6 10. Qc2 g5 11. Bxh7 Qe7 12. Bg6+ Kd8 13. g4 gxh4 14. gxh5 f5 15. Rg1 cxd4 16. exd4 Bh6 17. O-O-O Nb4 18. Rge1 0-1

[Event "Skalica SCHAEFFLER Open 2019"]
[Site "Skalica"]
[Date "2019.08.28"]
[Round "5.4"]
[White "Podskubka, Ondrej"]
[Black "Kanak, Matyas"]
[Result "1-0"]
[ECO "D00"]
[WhiteElo "1684"]
[BlackElo "1540"]
[Annotator "NA"]
[PlyCount "91"]
[EventDate "2019.08.25"]
[EventType "swiss"]
[EventCountry "SVK"]
[SourceTitle "playchess.com"]
[Source "ChessBase"]
[SourceQuality "1"]
[TimeControl "40/5400+30:1800+30"]

1. d4 d5 2. Bf4 Nf6 3. e3 e6 4. h3 c6 5. Nf3 Nbd7 6. g4 h6 7. Nbd2 Be7 8. Bd3 b6 9. Qe2 Bb7 10. Ne5 Nxe5 11. Bxe5 a6 12. f4 c5 13. c3 Bd6 14. Nf3 Bxe5 15. Nxe5 Nd7 16. Nxd7 Qxd7 17. f5 Qd6 18. fxe6 Qg3+ 19. Kd2 fxe6 20. Bg6+ Ke7 21. Rag1 Qd6 22. Rf1 Raf8 23. Rxf8 Rxf8 24. Rf1 Rxf1 25. Qxf1 Kd8 26. Kd1 cxd4 27. exd4 e5 28. Qf7 Qe7 29. dxe5 Qxf7 30. Bxf7 Ke7 31. Bg8 g5 32. Kd2 Kf8 33. Bh7 Bc8 34. Bf5 Bxf5 35. gxf5 Kf7 36. Ke3 h5 37. Kf3 b5 38. b4 a5 39. bxa5 b4 40. a6 bxc3 41. Ke2 c2 42. Kd2 g4 43. hxg4 hxg4 44. a7 g3 45. a8=Q g2 46. Qxd5+ 1-0

[Event "Skalica SCHAEFFLER Open 2019"]
[Site "Skalica"]
[Date "2019.08.28"]
[Round "5.5"]
[White "Vach, Jozef"]
[Black "Vozarova, Adriana"]
[Result "1/2-1/2"]
[ECO "D02"]
[WhiteElo "1722"]
[BlackElo "1647"]
[Annotator "NA"]
[PlyCount "60"]
[EventDate "2019.08.25"]
[EventType "swiss"]
[EventCountry "SVK"]
[SourceTitle "playchess.com"]
[Source "ChessBase"]
[SourceQuality "1"]
[TimeControl "40/5400+30:1800+30"]

1. d4 d5 2. Nf3 c6 3. b3 e6 4. Bb2 Bd6 5. Nbd2 f5 6. g3 Nf6 7. Bg2 Nbd7 8. Ne5 O-O 9. e3 Ne4 10. O-O Ndf6 11. Ndf3 Bd7 12. a4 a5 13. Nxd7 Qxd7 14. Ne5 Qe7 15. f3 Ng5 16. Qd3 Qe8 17. h4 Nf7 18. c4 Nh5 19. g4 Ng3 20. Rf2 Nxe5 21. dxe5 Bc5 22. Bd4 dxc4 23. Qxc4 Bxd4 24. Qxd4 fxg4 25. Qxg4 Nf5 26. Bh3 Qd7 27. Qc4 b5 28. Qe4 Ng3 29. Qg4 Nf5 30. Qe4 Ng3 1/2-1/2

[Event "Skalica SCHAEFFLER Open 2019"]
[Site "Skalica"]
[Date "2019.08.28"]
[Round "5.6"]
[White "Kastler, Peter"]
[Black "Drabek, Martin"]
[Result "1-0"]
[ECO "D45"]
[WhiteElo "1724"]
[BlackElo "1381"]
[Annotator "NA"]
[PlyCount "45"]
[EventDate "2019.08.25"]
[EventType "swiss"]
[EventCountry "SVK"]
[SourceTitle "playchess.com"]
[Source "ChessBase"]
[SourceQuality "1"]
[TimeControl "40/5400+30:1800+30"]

1. d4 d5 2. c4 e6 3. Nc3 Nf6 4. Nf3 c6 5. e3 Nbd7 6. Be2 Bd6 7. b3 b6 8. Bb2 Qc7 9. Rc1 h6 10. cxd5 exd5 11. Nb5 Bb4+ 12. Bc3 Bxc3+ 13. Rxc3 Qd8 14. Rxc6 O-O 15. Qc2 Qe7 16. Nd6 Ne4 17. Nxc8 Qb4+ 18. Kf1 Ndf6 19. Bd3 Ng4 20. Bxe4 dxe4 21. Nd2 Qb5+ 22. Ke1 Qf5 23. Ne7+ 1-0

[Event "Skalica SCHAEFFLER Open 2019"]
[Site "Skalica"]
[Date "2019.08.28"]
[Round "5.7"]
[White "Kozusnik, Roman"]
[Black "Matusina, Miroslav"]
[Result "1-0"]
[ECO "E70"]
[WhiteElo "1231"]
[BlackElo "1644"]
[Annotator "NA"]
[PlyCount "42"]
[EventDate "2019.08.25"]
[EventType "swiss"]
[EventCountry "SVK"]
[SourceTitle "playchess.com"]
[Source "ChessBase"]
[SourceQuality "1"]
[TimeControl "40/5400+30:1800+30"]

1. d4 Nf6 2. c4 g6 3. Nc3 Bg7 4. e4 d6 5. Be3 O-O 6. Bd3 Re8 7. Nge2 Nc6 8. O-O e5 9. d5 Ne7 10. Qd2 Bh8 11. f4 exf4 12. Bxf4 Nh5 13. Be3 Bg4 14. Nf4 Ng7 15. Qf2 Rf8 16. Qh4 f5 17. h3 fxe4 18. Qxg4 Rxf4 19. Qxf4 Nef5 20. Bxe4 Nh5 21. Qf3 Nxe3 1-0

[Event "Skalica SCHAEFFLER Open 2019"]
[Site "Skalica"]
[Date "2019.08.28"]
[Round "5.8"]
[White "Bartos, Bohumil"]
[Black "Ralbovsky, Milan"]
[Result "1/2-1/2"]
[ECO "D02"]
[WhiteElo "1548"]
[BlackElo "1340"]
[Annotator "NA"]
[PlyCount "140"]
[EventDate "2019.08.25"]
[EventType "swiss"]
[EventCountry "SVK"]
[SourceTitle "playchess.com"]
[Source "ChessBase"]
[SourceQuality "1"]
[TimeControl "40/5400+30:1800+30"]

1. d4 d5 2. Bf4 Nf6 3. e3 Bf5 4. h3 e6 5. Nf3 h6 6. c3 Bd6 7. Bxd6 cxd6 8. Bd3 Bh7 9. Bb5+ Nbd7 10. Qa4 O-O 11. Qd1 Qb6 12. Qb3 a6 13. Be2 Rfc8 14. Nbd2 Rc6 15. O-O Rac8 16. Rfc1 Qa7 17. Qd1 Rb6 18. Nb3 a5 19. a4 Ne4 20. Bd3 e5 21. Qc2 Ndf6 22. dxe5 dxe5 23. Nxe5 Re8 24. Nf3 Ng5 25. Bxh7+ Nfxh7 26. Nfd4 Rf6 27. Nd2 Rg6 28. Qf5 Qb8 29. N2f3 Nxf3+ 30. Nxf3 Ng5 31. Nxg5 Rxg5 32. Qf4 Qc8 33. Qh2 Rh5 34. Rd1 Re6 35. Rd4 Rg6 36. g4 Rh4 37. Qg3 Qd8 38. Rad1 f5 39. f3 fxg4 40. fxg4 h5 41. Rf4 hxg4 42. Rxg4 Rhxg4 43. hxg4 Rb6 44. Rd2 Qd7 45. Qg2 Rg6 46. Rd4 Qe6 47. Kf2 Rf6+ 48. Ke2 Qa6+ 49. Kd2 Kh7 50. Rxd5 Rd6 51. Qh2+ Rh6 52. Rh5 Qb6 53. Rxh6+ gxh6 54. Kc1 Qxe3+ 55. Qd2 Qg1+ 56. Qd1 Qe3+ 57. Kb1 Qe4+ 58. Qc2 Qxc2+ 59. Kxc2 Kg6 60. Kd3 Kg5 61. Ke2 Kxg4 62. Kf2 h5 63. Kg2 h4 64. b4 axb4 65. cxb4 h3+ 66. Kh2 Kf4 67. a5 Ke5 68. b5 Kd6 69. a6 bxa6 70. bxa6 Kc6 1/2-1/2